 BcadrenCrawl: Boulder Brew version 0.05.4-26-g64af7a5273 (webtiles) character file.

Game seed: 2726030889863835860, levelgen mode: deterministic

579 emperorscorpion the Twirler (level 7, -3/51 HPs) Lignifite Demonspawn. Began on Dec 21, 2021. Slain by a sewer rat (5 damage) ... on level 2 of the Dungeon. The game lasted 00:10:27 (2540 turns).

emperorscorpion the Twirler (Lignifite Demonspawn)  Turns: 2540, Time: 00:10:27

Health: -3/51      AC:  1    Str: 19    XL:     7 ^: 598
Magic:  10/10      EV: 15    Int: 14    God:
Gold:   61         SH:  3    Dex:  9    Spells: 7/8 levels left

rFire    x . .     Vision   .   a - +0 morningstar
rCold    . . .     Gourm    .     - Unarmed
rNeg     . . .     Faith    .   c - +0 robe
rCorr    . . .     Spirit   .   (helmet restricted)
rPois    +         Reflect  .   (no cloak)
rElec    .         Harm     .   (gloves unavailable)
MR       .....                  (boots unavailable)
Stlth    +++.......             (no amulet)
HPRegen  0.27/turn              (no ring)
MPRegen  0.20/turn              (no ring)

@: very quick
A: small, branches (SH +, deformed body 1, speed 2, nightstalker 1, poison
resistance, slow metabolism 1, torment resistance, plant, woody flesh (rF-) 1,
rot immunity
a: no special abilities


You were on level 2 of the Dungeon.
You were not hungry.

You visited 1 branch of the dungeon, and saw 2 of its levels.

You collected 61 gold pieces.

Inventory:

Weapons
 a - a +0 morningstar (weapon)
 b - a +0 hunting sling Shields
 f - a +0 buckler
Armour
 c - a +0 robe (worn)
Scrolls
 g - a scroll of blinking
Comestibles
 d - a ration


   Skills:
 + Level 2.3 Fighting
 + Level 4.5 Maces & Staves
 - Level 3.2 Slings
 + Level 3.7 Dodging
 + Level 2.2 Stealth
 + Level 0.1 Shields
 + Level 2.0 Unarmed Combat
 + Level 1.1 Spellcasting
 + Level 1.8 Fire Magic
   Level 3.0 Invocations


You had 7 spell levels left.
You knew the following spells:

 Your Spells              Type           Power        Failure   Level  Hunger
a - Flame Tongue          Fire           5 (30)       12%         1    25-45

Your spell library contained the following spells:

 Spells                   Type           Power        Failure   Level  Hunger
 Slow Hex 0 (100) 26% 1 25-45 Blink Tloc N/A 36% 2 65-105 Call Imp Summ 0 (100) 36% 2 65-105 Conjure Flame Fire 5 (100) 36% 3 105-165 Mephitic Cloud Pois/Air       0 (100)      61%         3    105-165


Dungeon Overview and Level Annotations

Branches:
Dungeon (2/8)

Altars:


Innate Abilities, Weirdness & Mutations

You are small and have problems with some larger weapons.
A tangle of shorter branches protects your body from attack. (SH +3)
Armour fits poorly on your strangely shaped body.
You cover ground very quickly.
You are slightly more attuned to the shadows.
Your system is resistant to poisons. (rPois)
You have a slow metabolism.
You are immune to unholy pain and torment.
You require very little carbon dioxide to survive.
Your woody flesh burns easily. (rF-)
You are immune to rotting.


Message History

You hit the bullfrog (6). You closely miss the bullfrog.
The bullfrog is heavily wounded. (13/22) HP The bullfrog hits you (6).
The sewer rat closely misses you (0). The bullfrog hits you (6).
You closely miss the bullfrog. You barely miss the bullfrog.
The bullfrog hits you (4). The sewer rat closely misses you (0).
The bullfrog hits you (5). The sewer rat bites you (1).
You thump the bullfrog (9)! You hit the bullfrog (2).
The bullfrog is almost dead. (2/22) HP The bullfrog hits you (4).
* * * LOW HITPOINT WARNING * * *
The bullfrog hits you (8)!
* * * LOW HITPOINT WARNING * * *
The sewer rat bites you (6).
* * * LOW HITPOINT WARNING * * *
You thump the bullfrog (7)!
You kill the bullfrog!
Your Unarmed Combat skill increases to level 2!
The sewer rat bites you (5).
You die...

≈ ≈≈ #
b≈. ≈##
≈... #≈#
b.≈≈.#≈##
≈....r@†#
≈≈.≈≈†#≈#
≈≈≈..# ##
≈≈≈≈.
≈≈≈≈ b≈≈≈
≈≈P


You could see a sewer rat.

Vanquished Creatures
  A crocodile (D:2)
  A big kobold (D:2)
  2 bullfrogs
  2 jellies (D:2)
  6 giant cockroaches
  2 adders (D:2)
  3 sewer rats
  A worm (D:2)
  8 cinder newts
  An ooze (D:1)
  2 dart slugs (D:1)
  2 leopard geckos (D:1)
  7 goblins (D:1)
  8 hobgoblins (D:1)
  9 kobolds
  2 ball pythons
  4 bats (D:1)
  6 rats
  A withered plant (D:2)
68 creatures vanquished.

Vanquished Creatures (others)
  A jelly (D:2)
  49 withered plants (D:2)
50 creatures vanquished.

Grand Total: 118 creatures vanquished

Notes
Turn   | Place    | Note
-------+----------+-------------------------------------------
     0 | D:1      | emperorscorpion the Lignifite Demonspawn began the quest
                  | for the Orb.
     0 | D:1      | Reached XP level 1. HP: 13/13 MP: 4/4
    61 | D:1      | Gained mutation: You are slightly more attuned to the
                  | shadows. [demonic ancestry]
    61 | D:1      | Reached XP level 2. HP: 14/18 MP: 5/5
   449 | D:1      | Reached XP level 3. HP: 23/23 MP: 6/6
   564 | D:1      | Reached XP level 4. HP: 28/28 MP: 7/7
   798 | D:1      | Reached skill level 3 in Maces & Staves
   806 | D:1      | Reached skill level 1 in Slings
  1382 | D:2      | Noticed a big kobold
  1384 | D:2      | Reached skill level 1 in Unarmed Combat
  1389 | D:2      | Killed a big kobold
  1389 | D:2      | Reached XP level 5. HP: 34/34 MP: 8/8
  1638 | D:2      | Reached XP level 6. HP: 40/44 MP: 9/9
  2063 | D:2      | Reached skill level 4 in Maces & Staves
  2535 | D:2      | Reached XP level 7. HP: 50/50 MP: 10/10
  2539 | D:2      | HP: 1/50 [sewer rat (6)]
  2540 | D:2      | Slain by a sewer rat

Levels and vault maps discovered:
D:1:      lemuel_arrival_lava_pool, layout_basic
D:2:      layout_sewer, uniq_natasha

Skill      XL: |  1  2  3  4  5  6  7 |
---------------+----------------------+-----
Dodging        | 3 |  3.7
Stealth        | 2 |  2.2
Maces & Staves | 3 4 |  4.5
Slings         | 2 3 |  3.2
Unarmed Combat | 1 2 |  2.0
Fighting       | 2 |  2.3
Shields        | |  0.1
Spellcasting   | |  1.1
Fire Magic     | |  1.8
Invocations    | |  3.0

Action                   |  1- 3 |  4- 6 |  7- 9 || total
-------------------------+-------+-------+-------++-------
Melee: Morningstar       |    14 |    84 |     5 ||   103
       Unarmed           |    18 |    66 |     4 ||    88
 Fire: Hunting sling     |    24 |    62 |       ||    86
  Use: Potion            |       |     1 |       ||     1
       Scroll            |       |     2 |       ||     2
 Stab: Sleeping          |       |     1 |       ||     1
  Eat: Chunk             |       |     2 |       ||     2
Armor: Robe              |     1 |     8 |     1 ||    10
Dodge: Dodged            |    10 |    34 |     3 ||    47
Block: Other             |       |    11 |       ||    11
